 Dungeon Crawl Stone Soup version 0.20.0-8-g6b59dc7 (webtiles) character file.

2865 anfisbena the Destroyer (level 9, -3/45 HPs)
             Began as a Gargoyle Fire Elementalist on May 30, 2017.
             Was a Follower of Vehumet.
             Slain by a wraith (11 damage)
             ... on level 7 of the Dungeon.
             The game lasted 00:13:18 (10135 turns).

anfisbena the Destroyer (GrFE)                     Turns: 10135, Time: 00:13:18

Health: -3/45      AC: 13    Str: 12    XL:     9   Next: 75%
Magic:  0/13       EV: 12    Int: 19    God:    Vehumet [*.....]
Gold:   305        SH:  0    Dex: 10    Spells: 1/14 levels left

rFire    . . .     SeeInvis .   d - +0 whip (elec)
rCold    . . .     Gourm    .   (no shield)
rNeg     + + .     Faith    .   D - +2 robe {rN+}
rPois    ∞         Spirit   .   B - +0 helmet
rElec    +         Reflect  .   (no cloak)
rCorr    .         Harm     .   r - +0 pair of gloves {archery}
MR       .....                  (no boots)
Stlth    ++........             (no amulet)
Regen    0.2/turn               A - ring of wizardry
MPRegen  0.2/turn               (no ring)

@: slowed, very slow
A: thin metallic scales 1, negative energy resistance 1, electricity resistance,
unbreathing, petrification resistance, rot immunity, AC +5
a: Renounce Religion


You were on level 7 of the Dungeon.
You worshipped Vehumet.
Vehumet was aware of your devotion.
You were hungry.

You visited 1 branch of the dungeon, and saw 7 of its levels.
You also visited: Ossuary.

You collected 305 gold pieces.

Inventory:

Hand Weapons
 d - a +0 whip of electrocution (weapon)
Armour
 r - a +0 pair of gloves of archery (worn)
 B - a +0 helmet (worn)
 D - a +2 robe of positive energy (worn)
Jewellery
 A - a ring of wizardry (left hand)
Scrolls
 e - a scroll of enchant weapon {unknown}
 f - a scroll of torment {unknown}
 i - 3 scrolls of remove curse
 j - a scroll of teleportation {unknown}
 k - 2 scrolls of recharging
 m - 2 scrolls of enchant armour
 p - 2 scrolls of fog
 v - 3 scrolls of amnesia
 w - 3 scrolls of blinking
 x - a scroll of magic mapping {unknown}
 y - 2 scrolls of holy word
 E - a scroll of fear {unknown}
Potions
 a - a potion of berserk rage {unknown}
 g - a potion of might
 h - 6 potions of curing
 l - a potion of magic {unknown}
 n - 2 potions of heal wounds {unknown}
 o - a potion of flight {unknown}
 s - a potion of ambrosia {unknown}
 t - a potion of lignification {unknown}
 u - 2 potions of mutation
 z - a potion of haste {unknown}
Books
 b - a book of Flames

   Spells                             Type                      Level
   a - Flame Tongue                   Conjuration/Fire             1
   b - Throw Flame                    Conjuration/Fire             2
   c - Conjure Flame                  Conjuration/Fire             3
   d - Inner Flame                    Hexes/Fire                   3
   e - Sticky Flame                   Conjuration/Fire             4
   f - Fireball                       Conjuration/Fire             5
Comestibles
 c - 4 bread rations
 q - 2 fruits
 F - a royal jelly
 H - a meat ration


   Skills:
 - Level 1.5 Dodging
 - Level 2.1 Stealth
 - Level 3.0 Spellcasting
 + Level 9.9 Conjurations
 + Level 9.7 Fire Magic


You had one spell level left.
You knew the following spells:

 Your Spells              Type           Power        Failure   Level  Hunger
a - Flame Tongue          Conj/Fire      #####        1%          1    None
b - Sticky Flame          Conj/Fire      #####...     1%          4    ####...
c - Conjure Flame         Conj/Fire      #####...     1%          3    ###....
f - Fireball              Conj/Fire      #####.....   3%          5    ######.


Dungeon Overview and Level Annotations

Branches:
Dungeon (7/15)             Temple (0/1) D:6

Altars:
Cheibriados
Dithmenos
Makhleb
Okawaru
Sif Muna
Trog
Uskayaw
Vehumet
Xom
Yredelemnul


Innate Abilities, Weirdness & Mutations

You are resistant to torment.
Your stone body is resilient. (AC +5)
You are immune to poison.
You resist negative energy. (rN+)
You are resistant to electric shocks. (rElec)
You can survive without breathing.
You are immune to petrification.
You are immune to rotting.
You are partially covered in thin metallic scales. (AC +2)


Message History

You barely miss the wraith.
The wraith is almost destroyed.
The wraith hits you.
* * * LOW HITPOINT WARNING * * *
The wraith hits you but does no damage.
You hit the wraith but do no damage.
The wraith is almost destroyed.
The wraith completely misses you. The wraith barely misses you.
Casting: Flame Tongue
Confirm with . or Enter, or press ? or * to list all spells.
Aiming: Flame Tongue
Press: ? - help, Shift-Dir - straight line, f/p - wraith
Aim: a wraith (almost destroyed)
The flame tongue hits the wraith.
You destroy the wraith!
Vehumet accepts your kill. The wraith hits you.
* * * LOW HITPOINT WARNING * * *
The wraith hits you!
You die...

............##...#.#
.######.###........#
#..# ##..#..#...#.#
#.#..# #.#..##..#.#
##. ### ##..###.#.#
# .# .# #........# #
## W# #.####[### #
#. #.## #W# . ##
.##..# #@# #
#..#.#..# #.# #
#.W#..# #.#
###.##...###.#
..............#
........#######
#########


You could see a wraith.

Vanquished Creatures
  A hippogriff (D:5)
  Sigmund (D:5)
  3 wraiths (D:7)
  A hungry ghost (D:7)
  A phantom (D:5)
  An ogre (D:4)
  2 centaurs
  A wyvern skeleton (D:6)
  A wight (D:6)
  A howler monkey (D:5)
  6 crimson imps
  3 centaur zombies (Ossuary)
  2 jellies
  4 orc priests
  A gnoll shaman (D:5)
  4 hounds
  2 orc wizards
  Natasha (thrice) (D:3 D:2)
  Terence (D:3)
  3 worker ants
  3 iguanas
  A killer bee zombie (D:5)
  2 big kobold zombies (Ossuary)
  4 mummies (Ossuary)
  A howler monkey skeleton (D:4)
  2 worker ant zombies (D:6)
  10 adders
  20 gnolls
  4 oozes
  An adder skeleton (D:5)
  An adder zombie (D:6)
  4 worms
  A dart slug (D:2)
  6 leopard geckos
  13 orcs
  2 bats (D:2)
  4 giant cockroaches
  3 hobgoblins
  5 jackals
  10 kobolds
  A quokka (D:6)
  A ball python (D:1)
  7 frilled lizards
  4 goblins
  2 hobgoblin zombies (Ossuary)
  2 quokka zombies (D:4)
  11 rats
167 creatures vanquished.

Vanquished Creatures (others)
  A two-headed ogre (D:6)
  A sky beast (D:6)
  2 centaurs (D:6)
  2 hounds (D:6)
  A worker ant (D:6)
  An orc (D:6)
  A giant cockroach (D:6)
  A jackal (D:6)
  A quokka (D:6)
11 creatures vanquished.

Grand Total: 178 creatures vanquished

Notes
Turn   | Place    | Note
-------+----------+-------------------------------------------
     0 | D:1      | anfisbena the Gargoyle Fire Elementalist began the quest for the Orb.
     0 | D:1      | Reached XP level 1. HP: 10/10 MP: 3/3
   237 | D:1      | Reached XP level 2. HP: 15/15 MP: 3/5
   869 | D:2      | Found a snail-covered altar of Cheibriados.
   900 | D:2      | Reached XP level 3. HP: 19/19 MP: 1/6
   993 | D:2      | Found an iron altar of Okawaru.
  1494 | D:2      | Reached XP level 4. HP: 19/24 MP: 0/7
  1833 | D:1      | Learned a level 3 spell: Conjure Flame
  2475 | D:2      | Reached XP level 5. HP: 28/28 MP: 2/8
  3263 | D:3      | Learned a level 4 spell: Sticky Flame
  3350 | D:3      | Noticed Terence
  3359 | D:3      | Killed Terence
  3594 | D:3      | Reached XP level 6. HP: 32/32 MP: 4/9
  3699 | D:3      | Noticed Natasha
  3708 | D:3      | Killed Natasha
  3708 | D:3      | Reached skill level 5 in Fire Magic
  3792 | D:3      | Noticed Natasha
  3796 | D:3      | Killed Natasha
  3872 | D:3      | Noticed Natasha
  3887 | D:2      | Killed Natasha
  3887 | D:2      | Reached skill level 5 in Conjurations
  4981 | D:4      | Reached XP level 7. HP: 20/36 MP: 4/10
  5378 | D:4      | Found a sand-covered staircase.
  5385 | Ossuary  | Entered an ossuary
  6785 | D:4      | Reached XP level 8. HP: 41/41 MP: 8/11
  6869 | D:5      | Entered Level 5 of the Dungeon
  6870 | D:5      | Found a bloodstained altar of Trog.
  7625 | D:5      | Noticed a hippogriff
  7643 | D:5      | Killed a hippogriff
  7926 | D:5      | Found a radiant altar of Vehumet.
  7934 | D:5      | Became a worshipper of Vehumet
  7970 | D:5      | Noticed Sigmund
  8212 | D:5      | Killed Sigmund
  8524 | D:5      | Learned a level 5 spell: Fireball
  8646 | D:6      | Reached XP level 9. HP: 38/45 MP: 4/13
  8939 | D:6      | Found a shadowy altar of Dithmenos.
  8940 | D:6      | Found a basalt altar of Yredelemnul.
  8953 | D:6      | Killed a two-headed ogre
  8963 | D:6      | Found a deep blue altar of Sif Muna.
  9078 | D:6      | Found a burning altar of Makhleb.
  9079 | D:6      | Found a hide-covered altar of Uskayaw.
  9195 | D:6      | Found a shimmering altar of Xom.
  9200 | D:6      | Reached * piety under Vehumet
  9200 | D:6      | Offered knowledge of Sting by Vehumet.
  9212 | D:6      | Gained mutation: You are partially covered in thin metallic scales. (AC +2) [mutagenic meat]
  9491 | D:6      | Found a staircase to the Ecumenical Temple.
 10135 | D:7      | Slain by a wraith

Skill      XL: |  1  2  3  4  5  6  7  8  9 |
---------------+----------------------------+-----
Conjurations   | 2 3 4 5 6 8 9 |  9.9
Fire Magic     | 4 5 6 8 9 |  9.7
Spellcasting   | 3 |  3.0
Dodging        | |  1.5
Stealth        | |  2.1

Action                   |  1- 3 |  4- 6 |  7- 9 || total
-------------------------+-------+-------+-------++-------
Melee: Unarmed           |    14 |       |       ||    14
       Whip              |    11 |    64 |    65 ||   140
 Cast: Flame Tongue      |    33 |   137 |   303 ||   473
       Conjure Flame     |       |     1 |       ||     1
       Sticky Flame      |       |       |     1 ||     1
       Fireball          |       |       |     4 ||     4
  Use: Scroll            |       |       |    10 ||    10
 Stab: Sleeping          |       |       |     1 ||     1
  Eat: Chunk             |     1 |     8 |    18 ||    27
       Bread ration      |       |     1 |       ||     1
       Royal jelly       |       |     1 |     1 ||     2
       Fruit             |       |       |     5 ||     5
Armor: Robe              |    20 |    49 |   101 ||   170
Dodge: Dodged            |    34 |   107 |   152 ||   293
